 Dungeon Crawl Stone Soup version 0.31.0-12-g77e489cdc1 (webtiles) character file.

Game seed: 18223886058600671493

11960 MollyMolluskus the Grappler (level 11, -18/81 HPs)
             Began as an Octopode Fighter on Feb 13, 2024.
             Was an Elder of Wu Jian.
             Killed from afar by an ogre mage (33 damage)
             ... with a bolt of magma
             ... on level 11 of the Dungeon.
             The game lasted 00:42:36 (8474 turns).

MollyMolluskus the Grappler (Octopode Fighter)      Turns: 8474, Time: 00:42:37

Health: -18/81     AC:  1    Str: 16 (19) XL:     11   Next: 85%
Magic:  11/11      EV: 20    Int:  8 (10) God:    Wu Jian [****..]
Gold:   399        SH:  8    Dex: 12 (13) Spells: 10/10 levels left

rFire   . .          .
                       - Unarmed
rCold   + . .        a - +3 buckler
rNeg    . . .        (helmet restricted)
rPois   +            e - amulet of regeneration
rElec   .            i - +5 ring of evasion
rCorr   .            j - ring of poison resistance
SInv    .            v - ring of protection from cold
Will    .....        (no ring)
Stlth   +++          (no ring)
HPRegen 1.13/turn    (no ring)
MPRegen 0.12/turn    (no ring)
                     (no ring)

%: no passive effects
@: no status effects
A: almost no armour, amphibious, 8 rings, camouflage 1, gelatinous body 1,
(nimble swimmer 1), tentacles
a: Renounce Religion, Wall Jump, Serpent's Lash


You were on level 11 of the Dungeon.
You worshipped Wu Jian.
Wu Jian was greatly pleased with you.
You visited 2 branches of the dungeon, and saw 12 of its levels.
You also visited: Ossuary.

You collected 480 gold pieces.
You spent 81 gold pieces at shops.

Inventory:

Hand Weapons
 b - a +4 dagger of freezing
Missiles
 h - 26 poisoned darts
 p - 5 curare-tipped darts
 q - 9 boomerangs (quivered)
Armour
 a - a +3 buckler (worn)
Jewellery
 e - an amulet of regeneration (around mantle)
 i - a +5 ring of evasion (left tentacle)
 j - a ring of poison resistance (right tentacle)
 v - a ring of protection from cold (on tentacle)
Talismans
 t - a serpent talisman
Wands
 k - a wand of charming (7)
 n - a wand of light (4)
 u - a wand of digging (3)
Scrolls
 s - a scroll of teleportation
 x - 3 scrolls of immolation
 A - 2 scrolls of revelation
Potions
 c - 7 potions of curing
 d - a potion of haste {unknown}
 f - 2 potions of attraction
 g - 3 potions of mutation
 l - a potion of berserk rage {unknown}
 m - 3 potions of enlightenment
 o - 4 potions of lignification
 r - a potion of cancellation
 w - a potion of might
 z - a potion of degeneration


   Skills:
 + Level 9.9 Fighting
 + Level 2.5 Short Blades
 - Level 8.0 Dodging
 - Level 4.0 Stealth
 - Level 4.0 Shields
 * Level 13.2 Unarmed Combat
 + Level 2.6 Shapeshifting


You had 10 spell levels left.
You didn't know any spells.
Your spell library contained the following spells:

 Spells                   Type           Power      Damage    Failure   Level
 Sandblast                Erth           0%         2d4       50%         1
 Shock                    Conj/Air       0%         1d3       50%         1
 Jinxbite                 Hex            0%         N/A       63%         2
 Lesser Beckoning         Tloc           0%         N/A       63%         2
 Call Canine Familiar     Summ           0%         N/A       86%         3
 Gell's Gravitas          Tloc           0%         N/A       86%         3
 Passwall                 Erth           0%         N/A       86%         3
 Sigil of Binding         Hex            0%         N/A       86%         3
 Stone Arrow              Conj/Erth      0%         3d7       86%         3
 Swiftness                Air            0%         N/A       86%         3
 Teleport Other           Tloc           0%         N/A       86%         3
 Volatile Blastmotes      Fire/Tloc      0%         2d10      86%         3
 Airstrike                Air            0%         2d(0-16)  99%         4
 Brom's Barrelling Bould  Conj/Erth      0%         2d3       99%         4
 Dimensional Bullseye     Hex/Tloc       0%         N/A       99%         4
 Fulminant Prism          Conj/Alch      0%         3d5       99%         4
 Iskenderun's Mystic Bla  Conj/Tloc      0%         2d3       99%         4
 Yara's Violent Unravell  Hex/Alch       0%         3d3       100%        5
 Conjure Ball Lightning   Conj/Air       0%         3x3d6     100%        6
 Enfeeble                 Hex            0%         N/A       100%        7
 Discord                  Hex            0%         N/A       100%        8
 Disjunction              Tloc           0%         N/A       100%        8


Dungeon Overview and Level Annotations

Branches:
Dungeon (11/15)            Temple (1/1) D:4            Lair (0/5) D:9
Ossuary (visited)
    Orc: D:9-12

Altars:
Ashenzari
Cheibriados
Dithmenos
Elyvilon
Fedhas
Gozag
Hepliaklqana
Kikubaaqudgha
Makhleb
Nemelex Xobeh
Okawaru
Qazlal
Ru
Sif Muna
Trog
Uskayaw
Vehumet
Wu Jian
Xom
Yredelemnul
Zin
The Shining One

Shops:
D:5 *   D:9 (

Annotations:
D:3 1 runed translucent door, bnnuy's ghost, amateur OnFE
D:5 1 runed translucent door, Crazy Yiuf


Innate Abilities, Weirdness & Mutations

You cannot wear most types of armour.
You are amphibious.
You can wear up to eight rings at the same time.
Your skin changes colour to match your surroundings (Stealth+).
Your rubbery body absorbs attacks. (AC +1, EV +1)
((You are camouflaged when in or above water. (Stealth+)))
You have tentacles for arms and can constrict up to eight enemies at once.


Message History

The ogre mage flickers and vanishes!
You block the ogre mage's attack.
You hear a shout!
You hear a hideous shriek!
Unknown command.
As you read the scroll of fear, it crumbles to dust.
You assume a fearsome visage.
The centaur warrior looks frightened!
The wolf spider looks frightened!
The ogre mage resists with almost no effort.
The centaur warrior looks frightened!
The ogre mage completely misses you.
Unknown command.
You barely miss the ogre mage.
Unknown command.
You tentacle-slap the ogre mage.
You tentacle-slap the ogre mage, but do no damage.
You squeeze the ogre mage!
The ogre mage is moderately wounded.
The centaur warrior gives up.
Something hits you!
* * * LOW HITPOINT WARNING * * *
Something bites you.
* * * LOW HITPOINT WARNING * * *
Something draws strength from your injuries!
You block the ogre mage's attack.
Unknown command.
It was a potion of degeneration.
There was something very wrong with that liquid.
You feel weakened.
You feel dopey.
You feel clumsy. You block something's attack.
Something bites you but does no damage.
It was a potion of cancellation.
You feel magically purged.
A centaur warrior comes into view.
It is wielding a +2 short sword of venom.
You hear some strange, mumbled words.
Something tries to affect you, but you resist.
You tentacle-slap the ogre mage.
You tentacle-slap the ogre mage, but do no damage.
You squeeze the ogre mage!
The ogre mage is heavily wounded.
The centaur warrior seems to regain its courage.
The centaur warrior shoots an arrow.
You block the arrow. The ogre mage casts a spell at you.
The bolt of magma hits you!!
You die...

...# ##'## .$ (.s##
#.# #.. ###...# ####.#
.... .....####.##.##
.#.c###.......c.....##
.....................#
#......^##......##
##O)....###.##..####
#$#@....# #........>
..###....# ####..####
.... #..#.######.##
...⌠ ..⌠..#........#
.#...#....########.#
#. ##...# #.# ....#
#.# ..⌠..# #.# #.#)..
#.#


You could see a wolf spider, 2 centaur warriors and an ogre mage.

Vanquished Creatures
  Josephine (D:10)
  3 two-headed ogres
  Pikel (D:6)
  An elephant (D:9)
  Jeremiah (D:6)
  A troll (D:8)
  5 wraiths (D:10)
  4 wyverns
  13 yaks
  3 vampire mosquitoes (D:10)
  Menkaure (D:6)
  An acid dragon (D:9)
  2 water moccasins
  4 ice beasts
  A sky beast (D:8)
  2 black bears (D:8)
  2 ogres
  A centaur (D:6)
  A lemure (D:6)
  A kobold brigand (D:10)
  2 phantoms (D:6)
  A weeping skull (D:6)
  10 bullfrogs
  A scorpion (D:9)
  5 water moccasin zombies (Ossuary)
  12 wights
  A burial acolyte (Ossuary)
  9 killer bees
  2 howler monkeys
  A bombardier beetle (D:5)
  2 hounds
  A spectral scorpion (Ossuary)
  2 jellies
  2 orc priests
  A gnoll bouda (D:5)
  2 sleepcaps (D:8)
  Jessica (D:2)
  Ijyb (D:3)
  Natasha (thrice) (D:4)
  5 iguanas
  3 orc wizards
  A crocodile zombie (Ossuary)
  3 mummies
  Robin (D:4)
  3 gnolls (D:5)
  16 adders
  2 white imps
  2 ufetubi (D:5)
  6 adder zombies (Ossuary)
  2 dart slugs
  2 ribbon worms
  25 orcs
  6 endoplasms
  5 giant cockroaches
  19 goblins
  5 hobgoblins
  7 jackals
  5 quokkas
  10 ball pythons
  11 bats
  3 frilled lizards
  8 gnoll zombies (Ossuary)
  4 jackal zombies (Ossuary)
  12 kobolds
  2 orc zombies (Ossuary)
  8 rats
  A spectral orc (D:6)
285 creatures vanquished.

Vanquished Creatures (others)
  2 yaks
2 creatures vanquished.

Grand Total: 287 creatures vanquished

Notes
Turn   | Place    | Note
-------+----------+-------------------------------------------
     0 | D:1      | MollyMolluskus the Octopode Fighter began the quest for the
                  | Orb.
     0 | D:1      | Reached XP level 1. HP: 16/16 MP: 1/1
    95 | D:1      | Reached XP level 2. HP: 16/21 MP: 2/2
   132 | D:1      | Reached skill level 1 in Stealth
   371 | D:1      | Reached XP level 3. HP: 26/26 MP: 3/3
   977 | D:2      | Found a faded altar of an unknown god.
  1022 | D:2      | Noticed Jessica
  1032 | D:2      | Killed Jessica
  1033 | D:2      | Reached skill level 3 in Unarmed Combat
  1033 | D:2      | Reached XP level 4. HP: 22/31 MP: 4/4
  1666 | D:3      | Reached XP level 5. HP: 34/36 MP: 5/5
  1714 | D:3      | Found a shadowy altar of Dithmenos.
  1782 | D:3      | Noticed Ijyb
  1795 | D:3      | Killed Ijyb
  1919 | D:3      | Found a runed translucent door.
  1920 | D:3      | Noticed bnnuy's ghost (amateur OnFE)
  1962 | D:3      | Found a broken altar of Ashenzari.
  1962 | D:3      | Found a faded altar of an unknown god.
  1969 | D:4      | Noticed Natasha
  1978 | D:4      | Killed Natasha
  2033 | D:4      | Noticed Menkaure
  2034 | D:4      | Noticed Natasha
  2125 | D:3      | Reached XP level 6. HP: 35/43 MP: 6/6
  2406 | D:4      | Noticed Robin
  2446 | D:4      | Reached skill level 4 in Unarmed Combat
  2465 | D:4      | Noticed an ice beast
  2505 | D:4      | Killed an ice beast
  2805 | D:4      | You fall into a shaft and drop 1 floor!
  2805 | D:5      | Entered Level 5 of the Dungeon
  2808 | D:5      | Found Kolol's General Store.
  2812 | D:5      | Bought 4 curare-tipped darts for 57 gold pieces
  2812 | D:5      | Bought a scroll of identify for 24 gold pieces
  2844 | D:5      | Reached XP level 7. HP: 10/48 MP: 7/7
  3099 | D:5      | Found a runed translucent door.
  3100 | D:5      | Noticed Crazy Yiuf
  3260 | D:4      | Killed Natasha
  3261 | D:4      | Reached skill level 5 in Unarmed Combat
  3297 | D:4      | Found a staircase to the Ecumenical Temple.
  3306 | Temple   | Entered the Ecumenical Temple
  3315 | Temple   | Became a worshipper of the Wu Jian Council
  3382 | D:4      | Noticed a wyvern
  3439 | D:4      | Killed a wyvern
  3440 | D:4      | Reached XP level 8. HP: 44/54 MP: 8/8
  3532 | D:4      | Noticed Natasha
  3539 | D:4      | Killed Natasha
  3601 | D:4      | Killed Robin
  3651 | D:5      | Reached skill level 6 in Unarmed Combat
  3672 | D:5      | Reached skill level 5 in Fighting
  3689 | D:5      | Found a shimmering altar of Xom.
  3701 | D:5      | Found a shimmering altar of Xom.
  3701 | D:5      | Found a shimmering altar of Xom.
  3704 | D:5      | Found a shimmering altar of Xom.
  3751 | D:5      | Reached * piety under Wu Jian
  3756 | D:5      | Reached skill level 5 in Dodging
  3851 | D:5      | Found a shimmering altar of Xom.
  3873 | D:5      | Noticed a two-headed ogre
  3909 | D:5      | Killed a two-headed ogre
  3910 | D:5      | Reached skill level 7 in Unarmed Combat
  3914 | D:5      | Reached XP level 9. HP: 40/62 MP: 9/9
  4239 | D:6      | Found a stormy altar of Qazlal.
  4239 | D:6      | Found an ancient bone altar of Kikubaaqudgha.
  4376 | D:6      | Noticed Jeremiah
  4381 | D:6      | Killed Jeremiah
  4382 | D:6      | Reached skill level 8 in Unarmed Combat
  4392 | D:6      | Found a hide-covered altar of Uskayaw.
  4475 | D:6      | Reached skill level 9 in Unarmed Combat
  4499 | D:6      | Killed Menkaure
  4704 | D:6      | Found a faded altar of an unknown god.
  4705 | D:6      | Noticed Pikel
  4722 | D:6      | Killed Pikel
  4723 | D:6      | Reached XP level 10. HP: 71/71 MP: 10/10
  4727 | D:6      | Found a radiant altar of Vehumet.
  4729 | D:6      | Found a faded altar of an unknown god.
  4841 | D:6      | Found a basalt altar of Yredelemnul.
  4905 | D:7      | Reached skill level 10 in Unarmed Combat
  4948 | D:7      | Found a blossoming altar of Fedhas.
  5064 | D:7      | Found a sand-covered staircase.
  5069 | D:7      | Reached ** piety under Wu Jian
  5073 | Ossuary  | Entered an ossuary
  6210 | D:8      | Reached *** piety under Wu Jian
  6214 | D:8      | Reached skill level 11 in Unarmed Combat
  6448 | D:8      | Reached XP level 11. HP: 51/78 MP: 11/11
  6454 | D:8      | Found a glowing silver altar of Zin.
  6455 | D:8      | Found a sparkling altar of Nemelex Xobeh.
  6836 | D:9      | Reached skill level 12 in Unarmed Combat
  6879 | D:9      | Found a staircase to the Lair.
  6964 | D:9      | Found Togif's Weapon Emporium.
  7533 | D:10     | Entered Level 10 of the Dungeon
  7668 | D:10     | Reached **** piety under Wu Jian
  7731 | D:10     | Reached skill level 1 in Shapeshifting
  7791 | D:10     | Reached skill level 1 in Short Blades
  7945 | D:10     | Noticed Josephine
  7952 | D:10     | Killed Josephine
  8449 | D:11     | Noticed a two-headed ogre
  8455 | D:11     | Noticed a two-headed ogre
  8459 | D:11     | Killed a two-headed ogre
  8460 | D:11     | Reached skill level 13 in Unarmed Combat
  8462 | D:11     | Noticed a wolf spider
  8463 | D:11     | Noticed an ogre mage
  8463 | D:11     | Noticed a centaur warrior
  8463 | D:11     | Noticed an ogre mage
  8466 | D:11     | Noticed a centaur warrior
  8468 | D:11     | Killed a two-headed ogre
  8473 | D:11     | Noticed a centaur warrior
  8474 | D:11     | Killed from afar by an ogre mage

Illustrated notes

Levels and vault maps discovered:
D:1:      dpeg_arrival_pits, layout_basic
D:2:      layout_loops_corners, ebering_ecumenical_altar_box, uniq_jessica
D:3:      layout_rooms, nicolae_dithmenos_shadow_blocks,
          nicolae_overflow_ecumenical_swirl, gammafunk_ghost_grave, uniq_ijyb
D:4:      minmay_chambers_of_fours, layout_cave_pools, minmay_temple_entry_grid,
          uniq_natasha, uniq_menkaure, uniq_robin
D:5:      minmay_clustersquares, layout_cave_pools, xom_redecorated,
          serial_shops, nicolae_shop_back_alley_shop, nicolae_half_adder,
          uniq_crazy_yiuf_cottage
D:6:      layout_cave_pools, chequers_temple_overflow_minitemple,
          yredelemnul_forgotten_temple_becter, mainiacjoe_overflow_boulevard,
          uniq_jeremiah, uniq_pikel
D:7:      layout_layer_cave, fedhas_ov_isle_minmay, gup_ossuary_entry_pyramid
D:8:      layout_basic, mainiacjoe_overflow_divided_tiny, minmay_joined_circles
D:9:      layout_basic, grunt_lair_entry_orc_guard_hut, serial_shops,
          nicolae_shop_peninsula, serial_corexii_hall, corexii_hall_statues_x,
          corexii_hall_statues_i, chequers_hall_statues_y
D:10:     layout_long_grid, uniq_josephine
D:11:     minmay_the_grid_square_5x5_5x5_mashed
          [minmay_the_grid_square_5x5_spiral,
          minmay_the_grid_square_5x5_misaligned,
          minmay_the_grid_square_5x5_tri_point,
          minmay_the_grid_square_5x5_moneybag,
          minmay_the_grid_square_5x5_trominoes, minmay_the_grid_square_5x5_v,
          minmay_the_grid_square_5x5_prize_pseudospiral,
          minmay_the_grid_square_5x5_slash,
          minmay_the_grid_square_5x5_prize_snowflake,
          minmay_the_grid_square_5x5_corner, minmay_the_grid_square_5x5_minimal,
          minmay_the_grid_square_5x5_half_checkered,
          minmay_the_grid_square_5x5_prize_rear_guard,
          minmay_the_grid_square_5x5_doubleslash,
          minmay_the_grid_square_5x5_almost_minimal,
          minmay_the_grid_square_5x5_minibox,
          minmay_the_grid_square_5x5_prize_open,
          minmay_the_grid_square_5x5_eight,
          minmay_the_grid_square_5x5_prize_open,
          minmay_the_grid_square_5x5_three_walls,
          minmay_the_grid_square_5x5_lines, minmay_the_grid_square_5x5_tie,
          minmay_the_grid_square_5x5_shrine2,
          minmay_the_grid_square_5x5_inverted_slash,
          minmay_the_grid_square_5x5_six], layout_loops_corners, uniq_amaemon
Temple:   nicolae_temple_bog_church

Skill      XL: |  1  2  3  4  5  6  7  8  9 10 11 |
---------------+----------------------------------+-----
Stealth        | 1 2 3 4 |  4.0
Unarmed Combat | 3 4 5 7 9 11 13 | 13.2
Fighting       | 4 6 7 8 9 |  9.9
Shields        | 4 |  4.0
Dodging        | 4 6 7 8 |  8.0
Shapeshifting  | 2 |  2.6
Short Blades   | 2 |  2.5

Action                     |  1- 3 |  4- 6 |  7- 9 | 10-12 || total
---------------------------+-------+-------+-------+-------++-------
  Melee: Unarmed           |    71 |   151 |   169 |   360 ||   751
         Constrict         |    22 |    43 |    30 |    66 ||   161
         Tentacles         |    12 |    29 |    38 |    90 ||   169
         Punch             |     4 |     7 |    11 |    37 ||    59
         Dagger            |       |       |       |    10 ||    10
  Throw: Stone             |     1 |     2 |       |       ||     3
         Boomerang         |       |       |     5 |     8 ||    13
         Dart              |       |       |     3 |     2 ||     5
Ability: Lunge             |       |       |    15 |    45 ||    60
         Whirlwind         |       |       |     2 |    27 ||    29
         Wall Jump         |       |       |       |     4 ||     4
  Evoke: Wand              |       |       |     1 |     3 ||     4
    Use: Scroll            |     2 |     4 |     7 |    12 ||    25
         Potion            |       |     1 |     2 |     4 ||     7
   Stab: Sleeping          |     9 |     7 |     8 |    13 ||    37
         Invisible         |       |       |     2 |     1 ||     3
         Distracted        |       |       |     1 |       ||     1
 Armour: Skin              |    13 |    46 |    36 |    93 ||   188
  Dodge: Dodged            |    42 |    94 |   102 |   179 ||   417
  Block: Buckler           |    12 |    29 |    34 |   117 ||   192
